 Dungeon Crawl Stone Soup version 0.19-a0-1907-gcff654f (webtiles) character file.

135 Disciple the Ducker (level 4, -2/35 HPs)
             Began as a Demonspawn Wizard on Oct 21, 2016.
             Killed by nerve-wracking pain
             ... invoked by a shadow imp
              (6 damage)
             ... in a sewer.
             The game lasted 00:10:33 (3875 turns).

Disciple the Ducker (Demonspawn Wizard)             Turns: 3875, Time: 00:10:36

Health: -2/35      AC:  3    Str:  5 (7)  XL:     4   Next: 96%
Magic:  6/8        EV: 19    Int: 18 (21) God:
Gold:   37         SH:  0    Dex: 13 (16) Spells: 1 memorised, 8 levels left

rFire  . . .     SeeInvis .     v - +2 dagger (venom)
rCold  . . .     Gourm    .     a - +0 robe
rNeg   . . .     Faith    .     (no shield)
rPois  .         Spirit   .     t - +0 helmet
rElec  .         Reflect  .     (no cloak)
rCorr  .         Harm     .     (no gloves)
MR     .....                    (no boots)
Stlth  +++.......               (no amulet)
                                (no ring)
                                h - +1 ring of evasion

@: agile
A: demonic guardian 1
a: no special abilities


You were in a sewer.
You were not hungry.

You visited 1 branch of the dungeon, and saw 3 of its levels.
You also visited: Sewer.

You collected 37 gold pieces.

Inventory:

Hand Weapons
 u - a +1 dagger of flaming
 v - a +2 dagger of venom (weapon)
Missiles
 b - 3 needles of confusion
 w - 60 stones (quivered)
Armour
 a - a +0 robe (worn)
 t - a +0 helmet (worn)
Jewellery
 h - a +1 ring of evasion (left hand)
Scrolls
 e - 6 scrolls of remove curse {unknown}
 f - 2 scrolls of blinking {unknown}
 g - 2 scrolls of teleportation {unknown}
 l - 3 scrolls of identify {unknown}
 n - a scroll of amnesia {unknown}
 s - a scroll of fear {unknown}
Potions
 k - a potion of brilliance {unknown}
 q - a potion of mutation {unknown}
 r - a potion of degeneration
Books
 c - a book of Minor Magic

   Spells                             Type                      Level
   a - Magic Dart                     Conjuration                  1
   b - Blink                          Translocation                2
   c - Call Imp                       Summoning                    2
   d - Repel Missiles                 Charms/Air                   2
   e - Slow                           Hexes                        2
   f - Conjure Flame                  Conjuration/Fire             3
   g - Mephitic Cloud                 Conjuration/Poison/Air       3
Comestibles
 d - 2 bread rations
 i - 2 beef jerkies


   Skills:
 - Level 3.0 Fighting
 + Level 3.6 Dodging
 - Level 1.7 Stealth
 - Level 3.0 Spellcasting
 - Level 1.0 Conjurations
   Level 1.0 Summonings
   Level 0.8 Translocations


You had 8 spell levels left.
You knew the following spells:

 Your Spells              Type           Power        Failure   Level  Hunger
a - Magic Dart            Conj           #...         12%         1    None


Dungeon Overview and Level Annotations

Branches:
Dungeon (3/15)

Altars:
Nemelex Xobeh

Annotations:
D:2 1 runed door


Innate Abilities, Weirdness & Mutations

A weak demonic guardian rushes to your aid.


Message History

You feel better.
The ufetubus splashes around in the water. x2
The kobold barely misses you. The shadow imp barely misses you.
It was a potion of degeneration.
There was something very wrong with that liquid.
You feel weakened.
You feel dopey.
You feel clumsy. The ufetubus hits you.
* * * LOW HITPOINT WARNING * * *
The ufetubus misses you. The kobold barely misses you.
The shadow imp barely misses you. The ufetubus hits you.
* * * LOW HITPOINT WARNING * * *
The ufetubus splashes around in the water.
It was a potion of agility.
You feel agile all of a sudden. The ufetubus hits you.
* * * LOW HITPOINT WARNING * * *
The ufetubus barely misses you. The kobold closely misses you.
The shadow imp gestures at you. Pain shoots through your body!
You die...

#≈≈≈#≈≈≈≈≈≈#.≈.≈≈≈≈≈≈≈#
#≈≈≈≈≈≈#.≈)#≈≈≈≈≈≈#
#≈≈≈≈≈≈≈.≈.#≈≈≈≈≈≈#
#≈≈≈≈≈≈#.≈.#≈≈≈≈≈≈#
#≈≈≈≈≈≈#.≈.≈≈≈≈≈≈≈#
#≈≈≈≈≈≈#≈.≈#≈≈≈≈≈≈#
#≈≈≈≈≈...≈...≈≈≈≈≈#
#≈≈K5..#≈≈≈#..≈≈≈≈#
#..5@..#≈≈≈#......#
#'#######≈#######+# #.
.≈≈ 5≈ ..... .#≈
≈#...#≈ #### ####'####


You could see a shadow imp, an ufetubus and a kobold.

Vanquished Creatures
  A big kobold zombie (Sewer)
  An adder (D:3)
  A shadow imp (Sewer)
  2 ufetubi (Sewer)
  3 worms
  2 dart slugs (D:1)
  3 leopard geckos
  A bat zombie (Sewer)
  8 giant cockroaches
  6 goblins
  4 hobgoblins
  5 jackals
  10 kobolds
  2 quokkas (D:2)
  4 ball pythons
  7 bats
  7 frilled lizards
  5 rats
72 creatures vanquished.

Vanquished Creatures (others)
  A kobold zombie (Sewer)
1 creature vanquished.

Grand Total: 73 creatures vanquished

Notes
Turn   | Place    | Note
-------+----------+-------------------------------------------
     0 | D:1      | Disciple the Demonspawn Wizard began the quest for the Orb.
     0 | D:1      | Reached XP level 1. HP: 13/13 MP: 4/4
    77 | D:1      | Reached skill level 1 in Fighting
   312 | D:1      | Gained mutation: A weak demonic guardian rushes to your aid. [demonic ancestry]
   312 | D:1      | Reached XP level 2. HP: 21/21 MP: 0/6
   550 | D:1      | Found a sparkling altar of Nemelex Xobeh.
   927 | D:1      | Reached XP level 3. HP: 27/28 MP: 2/7
  1821 | D:2      | Found a faded altar of an unknown god.
  2619 | D:2      | Found a runed door.
  2973 | D:3      | Reached XP level 4. HP: 34/35 MP: 8/8
  3270 | D:3      | Found a glowing drain.
  3282 | Sewer    | Entered a sewer
  3872 | Sewer    | HP: 1/35 [ufetubus (1)]
  3875 | Sewer    | Killed from afar by a shadow imp

Vault maps used:
D:1:      dpeg_arrival_leaves_temple_mockup, nemelex_xobeh_ov_fountains_minmay
D:2:      ecumenical_altar_1, serial_bayou_pond_c, uniq_crazy_yiuf_cottage
D:3:      portal_sewer_entry_a
Sewer:    kennysheep_sewer_church

Skill      XL: |  1  2  3  4 |
---------------+-------------+-----
Fighting       | 1 2 3 |  3.0
Dodging        | 2 3 |  3.6
Stealth        | |  1.7
Spellcasting   | |  3.0
Conjurations   | |  1.0
Summonings     | |  1.0
Translocations | |  0.8

Action                   |  1- 3 |  4- 6 || total
-------------------------+-------+-------++-------
Melee: Dagger            |    19 |   111 ||   130
       Short sword       |    27 |       ||    27
       Hand axe          |    61 |       ||    61
 Cast: Magic Dart        |    91 |    13 ||   104
  Use: Potion            |       |     3 ||     3
  Eat: Chunk             |     6 |     2 ||     8
       Meat ration       |       |     1 ||     1
Armor: Robe              |    22 |    32 ||    54
Dodge: Dodged            |   111 |   123 ||   234
